 Dungeon Crawl Stone Soup version 0.29-a0-330-g52719c12eb (webtiles) character file.

Game seed: 8984933366421268845

84 tilp the Magician (level 4, 0/33 HPs)
             Began as a Djinni Hedge Wizard on May 19, 2022.
             Slain by a goblin
             ... wielding a +0 dagger
              (1 damage)
             ... on level 2 of the Dungeon.
             The game lasted 00:05:52 (3948 turns).

tilp the Magician (Djinni Hedge Wizard)             Turns: 3948, Time: 00:05:52

Health: 0/33       AC:  2    Str:  9    XL:     4   Next: 74%
Gold:   139        EV: 12    Int: 17    God:
                   SH:  0    Dex: 13

rFire   + + .      SeeInvis .   a - +0 dagger (elec)
rCold   x . .      Faith    .   (no shield)
rNeg    . . .      Spirit   .   b - +0 robe
rPois   ∞          Reflect  .   c - +0 hat
rElec   .          Harm     .   (no cloak)
rCorr   .          Rampage  .   (no gloves)
Will    .....                   (boots unavailable)
Stlth   ++........              (no amulet)
HPRegen 0.11/turn               (no ring)
MPRegen 0.00/turn               (no ring)

@: flying
A: sickness immunity, fire resistance 2, cold vulnerability 1, float, innate
caster, HP casting, extra vitality 1
a: no special abilities


You were on level 2 of the Dungeon.
You visited 1 branch of the dungeon, and saw 3 of its levels.

You collected 139 gold pieces.

Inventory:

Hand Weapons
 a - a +0 dagger of electrocution (weapon)
 g - a +0 dagger
Missiles
 f - 5 boomerangs
 i - 110 stones
 p - 5 javelins
 s - 2 poisoned darts (quivered)
Armour
 b - a +0 robe (worn)
 c - a +0 hat (worn)
 j - a +0 leather armour
Scrolls
 e - a scroll of acquirement {unknown}
Potions
 d - 2 potions of brilliance
 h - 2 potions of mutation {unknown}
 m - a potion of heal wounds {unknown}
 q - a potion of curing {unknown}
 t - a potion of lignification {unknown}


   Skills:
 + Level 2.0 Fighting
 - Level 3.0 Dodging
 - Level 2.0 Stealth
 * Level 3.1 Spellcasting


You couldn't memorise any spells.
You knew the following spells:

 Your Spells              Type           Power      Damage    Failure   Level
a - Magic Dart            Conj           52%        1d5       4%          1
b - Blink                 Tloc           26%        N/A       8%          2
c - Call Imp              Summ           13%        N/A       8%          2
d - Slow                  Hex            52%        N/A       4%          1
e - Conjure Flame         Conj/Fire      13%        6-21      14%         3
f - Mephitic Cloud        Conj/Pois/Air  13%        N/A       14%         3
g - Pain                  Necr           52%        1d6       4%          1
Your spell library was empty.

Dungeon Overview and Level Annotations

Branches:
Dungeon (3/15)

Altars:

Annotations:
D:2 Ijyb
D:3 Sigmund


Innate Abilities, Weirdness & Mutations

You are immune to sickness and miasma.
You are immune to poison.
Your flesh is very heat resistant. (rF++)
You are vulnerable to cold. (rC-)
You float through the air rather than walking.
You learn spells naturally, not from books.
Your magical power is your life essence.
You have superior vitality. (+4 MHP)


Message History

The spell is quite dangerous to miscast (14% risk of failure)!
Continue anyway?
Aiming: Mephitic Cloud (quite dangerous; 14% risk of failure)
Press: ? - help, Shift-Dir - straight line The ball explodes into a vile cloud!
The stinking cloud engulfs Ijyb but does no damage.
* * * LOW HITPOINT WARNING * * *
Ijyb is engulfed in noxious fumes.
Ijyb appears confused.
Unknown command.
Unknown command.
Unknown command.
Unknown command.
Ijyb screams, "No nasty magic on me!"
Ijyb is engulfed in noxious fumes.
Ijyb appears confused.
Ijyb screams, "Me deserve better than this!"
You hit Ijyb.
Ijyb is lightly wounded.
Ijyb hits you with a +0 dagger.
* * * LOW HITPOINT WARNING * * *
Unknown command.
You hit Ijyb but do no damage.
Ijyb is lightly wounded.
Ijyb hits you with a +0 dagger.
* * * LOW HITPOINT WARNING * * *
Unknown command.
You hit Ijyb but do no damage.
Ijyb is lightly wounded.
You barely miss Ijyb.
Ijyb is lightly wounded.
Unknown command.
You strike the helpless Ijyb from behind!
You puncture Ijyb!
Ijyb is heavily wounded.
The goblin hits you with a +0 dagger.
* * * LOW HITPOINT WARNING * * *
Unknown command.
The goblin shouts!
You hit Ijyb but do no damage.
Ijyb is heavily wounded.
The goblin hits you with a +0 dagger.
You die...

..........>..# #..# #.......
.............# #..# #.......
...........).########.## ##).....
...........)....##....# ##...#.
<........#.......#.#.## #####.
.........##..#.....#.# #.
................#..#.###########.
.........###.##g.................
.........# #.##.@g.......).######
####.g#### #.##......#####..#....
.####....# #..#....)...####......
...###g#.# ##...........#...#....
##..##...######..................
..#........_.........g.#########)
..######.##g...........#.8.8.8.8.
#........#...g.####..>.#.........
.......................#..)......


You could see Ijyb (confused) and 3 goblins.

Vanquished Creatures
  3 adders
  2 worms (D:2)
  2 dart slugs (D:1)
  2 endoplasms
  2 giant cockroaches (D:2)
  9 goblins
  2 hobgoblins
  2 jackals (D:3)
  8 kobolds
  A quokka (D:1)
  2 ball pythons (D:1)
  2 bats
  4 frilled lizards
  2 rats
43 creatures vanquished.

Vanquished Creatures (collateral kills)
  2 jackals (D:2)
  A quokka (D:2)
  A kobold (D:2)
4 creatures vanquished.

Grand Total: 47 creatures vanquished

Notes
Turn   | Place    | Note
-------+----------+-------------------------------------------
     0 | D:1      | tilp the Djinni Hedge Wizard began the quest for the Orb.
     0 | D:1      | Reached XP level 1. HP: 15/15 MP: 0/0
   295 | D:1      | Reached XP level 2. HP: 8/22 MP: 0/0
  1913 | D:1      | Reached XP level 3. HP: 26/26 MP: 0/0
  1913 | D:1      | Learned a level 1 spell: Pain
  2212 | D:2      | Reached skill level 1 in Fighting
  2595 | D:2      | Found a faded altar of an unknown god.
  2680 | D:2      | Reached XP level 4. HP: 22/32 MP: 0/0
  2910 | D:2      | Noticed Ijyb
  3873 | D:3      | Noticed Sigmund
  3947 | D:2      | HP: 1/33 [goblin/+0 dagger (2)]
  3948 | D:2      | Slain by a goblin

Illustrated notes

Levels and vault maps discovered:
D:1:      onia_arrival_mini_spirals, layout_basic, solitary_fountain
D:2:      kennysheep_the_goblin_king, layout_rooms, basic_ecumenical_altar
D:3:      layout_rooms, nicolae_gozag_cash_rules_everything_around_me,
          kennysheep_pointless_box, uniq_sigmund

Skill      XL: |  1  2  3  4 |
---------------+-------------+-----
Fighting       | 1 2 |  2.0
Stealth        | 2 |  2.0
Spellcasting   | 3 |  3.1
Dodging        | 3 |  3.0

Action                   |  1- 3 |  4- 6 || total
-------------------------+-------+-------++-------
Melee: Dagger            |    17 |    40 ||    57
       Punch             |       |     1 ||     1
 Cast: Magic Dart        |    60 |    20 ||    80
       Call Imp          |     4 |     2 ||     6
       Blink             |     1 |     1 ||     2
       Mephitic Cloud    |       |     2 ||     2
  Use: Scroll            |     1 |     7 ||     8
 Stab: Sleeping          |     2 |     2 ||     4
       Confused          |       |     1 ||     1
Armor: Robe              |     4 |     7 ||    11
Dodge: Dodged            |    16 |    26 ||    42

Table legend: (Time is in decaauts)
 A = Elapsed time spent in this place.
 B = Non-inter-level travel time spent in this place.
 C = Inter-level travel time spent in this place.
 D = Time resting spent in this place.
 E = Time spent auto-exploring this place.
 F = Levels seen in this place.
 G = Mean time per level.
                   A        B        C        D        E       F      G
               +--------+--------+--------+--------+--------+-----+--------+
         Total |   3950 |   3788 |    162 |   1043 |   2312 |   3 | 1316.7 |
       Dungeon |   3950 |   3788 |    162 |   1043 |   2312 |   3 | 1316.7 |
               +--------+--------+--------+--------+--------+-----+--------+

Top non-repeatable levels by time:
     D:1: 2444 daAuts
     D:2: 1207 daAuts
     D:3: 298 daAuts
